 Dungeon Crawl Stone Soup version 0.27.1-37-g7b29ead8ac (webtiles) character file.

Game seed: 17335896783033721873

347 tkbsonic5 the Skirmisher (level 6, -1/56 HPs)
             Began as a Minotaur Wanderer on July 12, 2023.
             Slain by an orc priest (6 damage)
             ... on level 4 of the Dungeon.
             The game lasted 00:09:38 (3879 turns).

tkbsonic5 the Skirmisher (Minotaur Wanderer)        Turns: 3879, Time: 00:09:39

Health: -1/56      AC:  9    Str: 20    XL:     6   Next: 32%
Magic:  5/5        EV: 10    Int: 10    God:
Gold:   154        SH:  0    Dex:  7    Spells: 5/5 levels left

rFire    . . .     SeeInvis .   c - +0 scythe {(-4,14_) REAPER REAPER}
rCold    . . .     Faith    .   (shield currently unavailable)
rNeg     . . .     Spirit   .   b - +2 scale mail
rPois    .         Reflect  .   (helmet restricted)
rElec    .         Harm     .   (no cloak)
rCorr    .         Rampage  .   (no gloves)
Will     .....                  (no boots)
Stlth    ..........             (no amulet)
HPRegen  0.18/turn              o - +4 ring of slaying {Sehkmet Says...Young Blackclava}
MPRegen  0.09/turn              (no ring)

@: brilliant
A: horns 2, retaliatory headbutt
a: no special abilities


You were on level 4 of the Dungeon.
You visited 1 branch of the dungeon, and saw 4 of its levels.

You collected 154 gold pieces.

Inventory:

Hand Weapons
 a - a +0 hand axe {(3,7) silent mill}
 c - a +0 scythe (weapon) {(-4,14_) REAPER REAPER}
 d - a +0 dagger
 k - a +2 short sword of flaming {(6,8+)}
 l - a +0 trident
Missiles
 f - 54 poisoned darts (quivered)
 h - 18 sling bullets
 j - 31 bolts
Armour
 b - a +2 scale mail (worn)
 p - a +2 kite shield
Jewellery
 g - an amulet of faith
 o - a +4 ring of slaying (left hand) {Sehkmet Says...Young Blackclava}
Scrolls
 e - a scroll of fog
 i - a scroll of immolation {unknown}
 n - a scroll of holy word {unknown}
 q - a scroll of blinking {unknown}


   Skills:
 + Level 5.0 Fighting
 - Level 3.9(4.4) Axes
 * Level 3.0(4.0) Polearms
 + Level 0.6(1.1) Slings
 + Level 1.1(1.2) Throwing
 - Level 4.9 Armour
 - Level 2.7 Dodging
 - Level 1.5 Stealth


You had 5 spell levels left.
You didn't know any spells.
Your spell library contained the following spells:

 Spells                   Type           Power      Damage    Failure   Level
 Summon Small Mammal      Summ           0%         N/A       71%         1
 Sublimation of Blood     Necr           0%         N/A       83%         2
 Call Canine Familiar     Summ           0%         N/A       97%         3
 Dazzling Flash           Conj/Hex       0%         N/A       97%         3
 Summon Guardian Golem    Hex/Summ       0%         N/A       97%         3
 Petrify                  Tmut/Erth      0%         N/A       100%        4
 Agony                    Necr           0%         N/A       100%        5
 Irradiate                Conj/Tmut      0%         3d13      100%        5
 Silence                  Hex/Air        0%         N/A       100%        5


Dungeon Overview and Level Annotations

Branches:
Dungeon (4/15)
 Temple: D:4-7

Altars:
Beogh

Annotations:
D:2 Terence


Innate Abilities, Weirdness & Mutations

You have a pair of horns on your head.
You reflexively headbutt those who attack you in melee.


Message History

The orc is severely wounded.
The orc barely misses you. x2; You furiously retaliate!
You headbutt the orc. The orc closely misses you.
You slash the orc!
You kill the orc!
The orc hits you but does no damage.
The orc priest hits you with a +0 falchion.
The orc hits you with a +0 dagger.
You closely miss the orc priest. The orc priest closely misses you.
You furiously retaliate!
You headbutt the orc priest, but do no damage.
The orc closely misses you.
The orc priest hits you with a +0 falchion.
The orc hits you but does no damage.
You closely miss the orc priest.
The orc priest hits you with a +0 falchion.
The orc hits you but does no damage.
The orc priest hits you with a +0 falchion.
You slash the orc!
You kill the orc!
The iguana bites you!
The orc priest hits you but does no damage.
The iguana bites you! The iguana bites you.
* * * LOW HITPOINT WARNING * * *
It was a potion of brilliance.
You feel clever all of a sudden.
The orc priest casts a cantrip, but nothing happens.
The iguana barely misses you. You furiously retaliate!
You headbutt the iguana! You barely miss the orc priest.
You headbutt the orc priest.
The orc priest is moderately wounded.
The orc priest misses you. You furiously retaliate!
You headbutt the orc priest. The iguana bites you!
* * * LOW HITPOINT WARNING * * *
The orc priest hits you but does no damage.
The iguana bites you but does no damage.
As you read the scroll labelled OZIXUO JEBB, it crumbles to dust.
The scroll dissolves into smoke.
It was a scroll of fog.
The orc priest hits you with a +0 falchion.
You die...

## .. # #. ####8...8##
#. #.##.....##
####§#######.#8.....8#
#...§§§......##.....##
##..§§@§).....##8...8##
.....§ol§......# ##>## #
.......§)......#########
....................†...
............[..#########
...............#
...............#
...............#
..............######


You could see an iguana and an orc priest.

Vanquished Creatures
  Sigmund (D:2)
  A jelly (D:4)
  An iguana (D:4)
  4 adders
  An adder skeleton (D:4)
  A dart slug (D:2)
  10 orcs
  6 ball pythons
  4 bats
  6 endoplasms
  2 giant cockroaches (D:1)
  6 hobgoblins
  3 quokkas
  5 frilled lizards
  8 goblins
  7 kobolds
  3 rats
69 creatures vanquished.

Notes
Turn   | Place    | Note
-------+----------+-------------------------------------------
     0 | D:1      | tkbsonic5 the Minotaur Wanderer began the quest for the
                  | Orb.
     0 | D:1      | tkbsonic5 set off with the following items: a +0 hand axe,
                  | a +2 scale mail, a potion of curing, a +0 dagger
     0 | D:1      | Reached XP level 1. HP: 19/19 MP: 0/0
   392 | D:1      | Reached XP level 2. HP: 27/27 MP: 1/1
   561 | D:1      | Reached skill level 4 in Fighting
   667 | D:1      | Reached skill level 1 in Dodging
  1126 | D:2      | Noticed Sigmund
  1138 | D:2      | Reached XP level 3. HP: 33/33 MP: 2/2
  1182 | D:2      | Killed Sigmund
  1183 | D:2      | Reached XP level 4. HP: 15/41 MP: 3/3
  1183 | D:2      | Reached XP level 5. HP: 18/47 MP: 4/4
  1702 | D:2      | Reached skill level 1 in Polearms
  1842 | D:2      | Found a faded altar of an unknown god.
  2001 | D:2      | Noticed Terence
  3392 | D:3      | Reached XP level 6. HP: 55/55 MP: 5/5
  3822 | D:4      | Reached skill level 5 in Fighting
  3822 | D:4      | Reached skill level 1 in Throwing
  3879 | D:4      | Slain by an orc priest

Illustrated notes

Levels and vault maps discovered:
D:1:      heliophobic_arrival_battle_scene, layout_basic
D:2:      layout_basic, hellmonk_ecumenical_altar_defaced_shrine,
          minmay_close_crescents, uniq_sigmund, uniq_terence
D:3:      layout_loops_corners, minmay_surrounded
D:4:      layout_basic, mainiacjoe_overflow_chevrons,
          nicolae_overflow_hidden_temple, uniq_blork_the_orc, uniq_pikel

Skill      XL: |  1  2  3  4  5  6 |
---------------+-------------------+-----
Fighting       | 4 5 |  5.0
Armour         | 4 |  4.9
Dodging        | 1 2 |  2.7
Axes           | 3 |  3.9
Polearms       | 2 3 |  3.0
Throwing       | 1 |  1.1
Slings         | |  0.6
Stealth        | |  1.5

Action                   |  1- 3 |  4- 6 || total
-------------------------+-------+-------++-------
Melee: Hand axe          |    32 |       ||    32
       Headbutt          |     8 |     5 ||    13
       Short sword       |    37 |       ||    37
       Scythe            |       |   104 ||   104
Throw: Dart              |       |    32 ||    32
  Use: Potion            |     5 |     1 ||     6
       Scroll            |     2 |     2 ||     4
Armor: Scale mail        |    43 |    53 ||    96
       Skin              |    22 |       ||    22
Dodge: Dodged            |    31 |    67 ||    98
